 Dungeon Crawl Stone Soup version 0.28-a0-1389-gc726bef33b (webtiles) character file.

Game seed: 13018111138740209696

9626 esteth the Fighter (level 11, -1/96 HPs)
             Began as a Demonspawn Gladiator on Jan 3, 2022.
             Was a Priest of Ashenzari.
             Slain by a two-headed ogre (12 damage)
             ... on level 11 of the Dungeon.
             The game lasted 00:34:21 (16741 turns).

esteth the Fighter (Demonspawn Gladiator)          Turns: 16741, Time: 00:34:21

Health: -1/96      AC: 16    Str: 16    XL:     11   Next: 25%
Magic:  17/24      EV: 13    Int: 12    God:    Ashenzari [***...]
Gold:   511        SH:  4    Dex: 17    Spells: 16/28 levels left

rFire   . . .      SeeInvis +   a - +2 trident (chaos)
rCold   . . .      Faith    .   (no shield)
rNeg    + . .      Spirit   .   i - +0 steam dragon scales of Curses and Power {Self, Bglg} (curse)
rPois   .          Reflect  .   c - +0 helmet "Gaze Upon Infinity" {Self, Range} (curse)
rElec   .          Harm     .   L - +1 cloak
rCorr   .          Rampage  .   H - +0 pair of gloves of Ashenzari's Gnosis {Evo, Self} (curse)
Will    +....      Clarity  +   s - +0 pair of boots "Chained Together" {Stlth+, Range, Self} (curse)
Stlth   ++++......              G - amulet "Pangnostic Apathy" {Acrobat, Elem, Bglg} (curse)
HPRegen 0.26/turn               e - ring of positive energy
MPRegen 0.19/turn               J - ring of willpower

@: lethally poisoned (-1 -> -11), about to teleport
A: thin skeletal structure 1, foul stench 3, icemail 1, condensation shield,
weakness stinger 2
a: Renounce Religion, Shatter the Chains


You were on level 11 of the Dungeon.
You worshipped Ashenzari.
Ashenzari was most pleased with you.
You visited 3 branches of the dungeon, and saw 13 of its levels.
You also visited: Ossuary.

You collected 511 gold pieces.

Inventory:

Hand Weapons
 a - a +2 trident of chaos (weapon)
 y - a +1 trident of freezing
Missiles
 d - 3 throwing nets (quivered)
Armour
 b - a +0 leather armour
 c - the cursed +0 helmet "Gaze Upon Infinity" (worn) {Self, Range}

   It has a curse which improves the following skills: Introspection: Fighting
   and Spellcasting.
   Ranged Combat: Slings, Bows, Crossbows and Throwing.
 i - the cursed +0 steam dragon scales of Curses and Power (worn) {Self, Bglg}
   (You found it on level 8 of the Dungeon)

   It has a curse which improves the following skills: Introspection: Fighting
   and Spellcasting.
   Beguiling: Conjurations, Hexes and Translocations.
 j - a +3 ring mail
 q - the +1 ring mail of Xel Nuuwn {rC- Str+9 Int-2}
   (You found it on level 3 of the Dungeon)

   Str:       It affects your strength (+9).
   Int:       It affects your intelligence (-2).
   rC:        It makes you vulnerable to cold.
 s - the cursed +0 pair of boots "Chained Together" (worn) {Stlth+, Range, Self}
   (You found it on level 7 of the Dungeon)

   It has a curse which improves the following skills: Ranged Combat: Slings,
   Bows, Crossbows and Throwing.
   Introspection: Fighting and Spellcasting.
 F - a +1 kite shield of resistance
 H - the cursed +0 pair of gloves of Ashenzari's Gnosis (worn) {Evo, Self}
   (You found it on level 9 of the Dungeon)

   It has a curse which improves the following skills: Evocations: Evocations.
   Introspection: Fighting and Spellcasting.
 L - a +1 cloak (worn)
Jewellery
 e - a ring of positive energy (left hand)
 C - a +4 ring of evasion
 G - the cursed amulet "Pangnostic Apathy" (around neck) {Acrobat, Elem, Bglg}
   (You found it on level 7 of the Dungeon)

   [amulet of the acrobat]

   It increases your evasion while moving and waiting.
   It has a curse which improves the following skills: Elements: Fire Magic, Ice
   Magic, Air Magic and Earth Magic.
   Beguiling: Conjurations, Hexes and Translocations.
 J - a ring of willpower (right hand)
Wands
 f - a wand of digging (6)
 t - a wand of polymorph (13)
 u - a wand of iceblast (20)
 v - a wand of flame (49)
 E - a wand of acid (13)
 I - a wand of charming (7)
Scrolls
 h - 8 scrolls of identify
 m - 2 scrolls of enchant weapon
 n - a scroll of teleportation
 A - 2 scrolls of enchant armour
 B - a scroll of brand weapon
 M - a scroll of summoning
Potions
 k - 3 potions of lignification
 l - 5 potions of flight
 o - 2 potions of magic
 p - a potion of brilliance
 r - a potion of invisibility
 w - a potion of cancellation
 x - 4 potions of mutation
 z - 2 potions of attraction
 D - 2 potions of haste
 K - a potion of curing


   Skills:
 - Level 8.7(12.7) Fighting
 + Level 5.4 Polearms
 - Level 1.7(3.4) Throwing
 - Level 6.9 Armour
 - Level 3.0 Dodging
 - Level 5.4(9.2) Spellcasting
 - Level 2.1(4.0) Conjurations
 - Level 5.0 Transmutations
 - Level 5.5(7.1) Fire Magic
 - Level 3.1(4.5) Air Magic
 - Level 5.0 Poison Magic


You had 16 spell levels left.
You knew the following spells:

 Your Spells              Type           Power      Damage    Failure   Level
a - Mephitic Cloud        Conj/Pois/Air  16%        N/A       6%          3
b - Ignite Poison         Fire/Tmut/Pois 19%        N/A       3%          3
c - Eringya's Noxious Bo  Tmut/Pois      8%         N/A       94%         6

Your spell library contained the following spells:

 Spells                   Type           Power      Damage    Failure   Level
 Gell's Gravitas          Tloc           6%         N/A       34%         3
 Lesser Beckoning         Tloc           6%         N/A       34%         3
 Teleport Other           Tloc           6%         N/A       34%         3
 Tukima's Dance           Hex            6%         N/A       34%         3
 Fireball                 Conj/Fire      9%         3d6       34%         5
 Freezing Cloud           Conj/Ice/Air   6%         6-21      71%         5
 Passage of Golubria      Tloc           6%         N/A       75%         4
 Yara's Violent Unravell  Hex/Tmut       5%         3d4       77%         5
 Starburst                Conj/Fire      9%         6d5       89%         6
 Summon Forest            Summ/Tloc      2%         N/A       98%         5
 Dispersal                Tloc           3%         N/A       100%        6
 Summon Hydra             Summ           2%         N/A       100%        7
 Ignition                 Fire           11%        3d5       100%        8


Dungeon Overview and Level Annotations

Branches:
Dungeon (11/15)            Temple (1/1) D:6            Lair (0/6) D:11
    Orc (1/2) D:10        Ossuary (visited)

Altars:
Ashenzari
Cheibriados
Dithmenos
Elyvilon
Fedhas
Gozag
Hepliaklqana
Kikubaaqudgha
Makhleb
Nemelex Xobeh
Okawaru
Qazlal
Ru
Sif Muna
Trog
Uskayaw
Vehumet
Wu Jian
Xom
Yredelemnul
Zin
The Shining One

Annotations:
D:4 exclusion: downstairs
D:5 exclusion: downstairs
D:6 exclusion: downstairs
D:7 exclusion: downstairs
D:8 exclusion: statue


Innate Abilities, Weirdness & Mutations

You have a somewhat thin skeletal structure. (Dex +2, Stealth+)
You frequently emit foul miasma when damaged in melee.
A meltable icy envelope protects you from harm. (AC +4)
A meltable shield of frost defends you. (SH +4)
You have a tail ending in a sharp stinger.


Message History

The troll seems less confused.
The orc knight hits you with a +1 war axe!
The two-headed ogre is engulfed in blazing flames.
You hear two shouts!
You puncture the orc knight!
You kill the orc knight!
The two-headed ogre hits you with a +0 giant club!
You emit a cloud of foul miasma!
The two-headed ogre hits you with a +0 giant spiked club!
You hit the two-headed ogre.
The two-headed ogre suddenly seems more agile.
You tail-slap the two-headed ogre!
The two-headed ogre is heavily wounded.
The two-headed ogre is engulfed in dark miasma.
The two-headed ogre is poisoned.
The two-headed ogre completely misses you.
You block the two-headed ogre's attack.
You closely miss the two-headed ogre.
The two-headed ogre is heavily wounded.
You block the troll's attack. The troll barely misses you.
The troll claws you but does no damage.
The two-headed ogre is engulfed in dark miasma.
The two-headed ogre looks even sicker.
The two-headed ogre hits you with a +0 giant club!
* * * LOW HITPOINT WARNING * * *
The two-headed ogre closely misses you.
As you read the scroll of teleportation, it crumbles to dust.
You feel strangely unstable. You block the troll's attack.
The troll closely misses you. The troll claws you but does no damage.
The orc warrior hits you from afar with a +3 glaive of venom!!
* * * LOW HITPOINT WARNING * * *
You are lethally poisoned!
You feel much better.
You feel very sick.
The two-headed ogre is engulfed in dark miasma.
The two-headed ogre looks even sicker.
The two-headed ogre hits you with a +0 giant club!
* * * LOW HITPOINT WARNING * * *
The two-headed ogre hits you with a +0 giant spiked club!
You die...

###### ##
......* #.
......##### * #.
..........# #.
....{.....#####.
#####.
....o.o)........
...... , *
**#TO.....#***
#.... *
#@......# ,
#.... * ,
#.......# #....
* #.......#
#.... #.......#
,#....
#.......#,,
#.... #.......##
+##....
#.........
......
#.........
...... .
#.########
#.....


You could see a two-headed ogre (agile, very poisoned), a troll and an orc
warrior (strong).

Vanquished Creatures
  A two-headed ogre (D:10)
  An orc knight (D:11)
  A manticore (D:11)
  A cyclops (D:11)
  A black mamba (shapeshifter) (D:7)
  A kobold demonologist (D:10)
  2 trolls (D:10)
  Grinder (D:5)
  2 wyverns
  A wraith (D:10)
  5 steam dragons
  Menkaure (Ossuary)
  4 water moccasins
  8 orc warriors
  2 sky beasts (D:7)
  3 ice beasts
  4 necrophages
  4 ogres
  3 centaurs
  A phantom (D:5)
  2 kobold brigands
  7 bullfrogs
  A gnoll sergeant (D:8)
  A scorpion (D:5)
  A wyvern skeleton (D:7)
  A wyvern zombie (D:8)
  3 killer bees (D:9)
  9 wights
  3 howler monkeys
  2 jellies
  4 centaur zombies
  2 hounds
  A bullfrog zombie (D:7)
  A gnoll shaman (D:5)
  3 bullfrog skeletons
  11 orc priests
  A centaur skeleton (D:7)
  Jessica (D:2)
  8 orc wizards
  Natasha (thrice) (D:3)
  An iguana (D:7)
  3 mummies (Ossuary)
  2 howler monkey zombies
  8 gnolls
  2 howler monkey skeletons (D:5)
  7 adders
  3 shadow imps
  2 white imps
  An adder skeleton (D:4)
  A worm (D:5)
  A dart slug (D:5)
  29 orcs
  9 ball pythons
  8 endoplasms
  4 giant cockroaches
  8 gnoll zombies (Ossuary)
  4 goblins
  7 hobgoblins
  8 jackals
  12 kobolds
  4 quokkas
  4 bats
  2 frilled lizards
  4 gnoll skeletons (Ossuary)
  3 goblin skeletons (Ossuary)
  5 goblin zombies (Ossuary)
  5 hobgoblin skeletons (Ossuary)
  4 hobgoblin zombies (Ossuary)
  8 kobold skeletons (Ossuary)
  4 orc skeletons (Ossuary)
  3 orc zombies (Ossuary)
  4 rats
  A rat skeleton (Ossuary)
  5 rat zombies (Ossuary)
288 creatures vanquished.

Vanquished Creatures (others)
  3 kobolds (D:8)
3 creatures vanquished.

Grand Total: 291 creatures vanquished

Notes
Turn   | Place    | Note
-------+----------+-------------------------------------------
     0 | D:1      | esteth the Demonspawn Gladiator began the quest for the
                  | Orb.
     0 | D:1      | Reached XP level 1. HP: 16/16 MP: 1/1
   433 | D:1      | Gained mutation: You may rarely emit foul miasma when
                  | damaged in melee. [demonic ancestry]
   433 | D:1      | Reached XP level 2. HP: 22/22 MP: 2/2
   995 | D:1      | Found a faded altar of an unknown god.
   997 | D:1      | Reached skill level 1 in Armour
  1338 | D:2      | Reached XP level 3. HP: 19/28 MP: 3/3
  1445 | D:2      | Noticed Jessica
  1458 | D:2      | Killed Jessica
  1662 | D:2      | Reached skill level 3 in Fighting
  1662 | D:2      | Gained mutation: You sometimes emit foul miasma when
                  | damaged in melee. [demonic ancestry]
  1662 | D:2      | Reached XP level 4. HP: 35/35 MP: 4/4
  1851 | D:2      | You fall into a shaft and drop 1 floor!
  1860 | D:3      | Identified the +1 ring mail of Xel Nuuwn {rC- Str+9 Int-2}
  2029 | D:3      | Learned a level 3 spell: Mephitic Cloud
  2168 | D:3      | Noticed Natasha
  2175 | D:3      | Killed Natasha
  2176 | D:3      | Gained mutation: You have a small tail. [demonic ancestry]
  2176 | D:3      | Reached XP level 5. HP: 38/41 MP: 4/6
  2347 | D:3      | Noticed Natasha
  2361 | D:3      | Killed Natasha
  2362 | D:3      | Reached skill level 1 in Spellcasting
  2402 | D:3      | Noticed Natasha
  2410 | D:3      | Killed Natasha
  2535 | D:4      | Gained mutation: A meltable shield of frost defends you.
                  | (SH +4) [demonic ancestry]
  2535 | D:4      | Reached XP level 6. HP: 43/47 MP: 7/9
  3465 | D:5      | Entered Level 5 of the Dungeon
  3467 | D:5      | Noticed a steam dragon
  3609 | D:5      | Reached skill level 5 in Polearms
  3630 | D:5      | Noticed an ice beast
  3645 | D:5      | Killed an ice beast
  3646 | D:5      | Gained mutation: You have a somewhat thin skeletal
                  | structure. (Dex +2, Stealth+) [demonic ancestry]
  3646 | D:5      | Reached XP level 7. HP: 26/52 MP: 10/13
  3825 | D:5      | Killed a steam dragon
  3851 | D:5      | Learned a level 3 spell: Ignite Poison
  3887 | D:5      | Reached skill level 1 in Poison Magic
  4055 | D:5      | Reached skill level 5 in Spellcasting
  4055 | D:5      | Reached skill level 1 in Fire Magic
  4145 | D:5      | Noticed a wyvern
  4157 | D:5      | Killed a wyvern
  4195 | D:5      | Reached XP level 8. HP: 18/58 MP: 15/15
  5287 | D:5      | Noticed Grinder
  5308 | D:5      | Paralysed by Grinder for 3 turns
  5312 | D:5      | Killed Grinder
  5313 | D:5      | Reached skill level 4 in Fighting
  5580 | D:6      | Noticed Edmund
  5800 | D:6      | Found a sand-covered staircase.
  5805 | Ossuary  | Entered an ossuary
  6100 | Ossuary  | Noticed Menkaure
  6114 | Ossuary  | Killed Menkaure
  6357 | D:6      | Found a staircase to the Ecumenical Temple.
  6371 | Temple   | Entered the Ecumenical Temple
  6587 | Temple   | Became a worshipper of Ashenzari the Shackled
  6923 | D:6      | Reached skill level 5 in Fire Magic
  6923 | D:6      | Reached skill level 5 in Poison Magic
  7163 | D:6      | Noticed Edmund
  7163 | D:6      | Edmund changed into Edmund the bullfrog
  7166 | D:6      | Killed Edmund the bullfrog
  7421 | D:6      | Found a shadowy altar of Dithmenos.
  7587 | D:7      | Gained mutation: You frequently emit foul miasma when
                  | damaged in melee. [demonic ancestry]
  7587 | D:7      | Reached XP level 9. HP: 34/65 MP: 16/16
  7813 | D:7      | Reached skill level 5 in Fighting
  8561 | D:7      | Reached skill level 6 in Fighting
  9223 | D:7      | Reached skill level 7 in Fighting
  9235 | D:7      | Reached skill level 8 in Fighting
 10045 | D:7      | Reached * piety under Ashenzari
 10584 | D:8      | Reached skill level 1 in Conjurations
 10584 | D:8      | Reached skill level 1 in Transmutations
 10584 | D:8      | Gained mutation: You have a tail ending in a sharp stinger.
                  | [demonic ancestry]
 10584 | D:8      | Reached XP level 10. HP: 43/85 MP: 19/19
 10617 | D:7      | Noticed a black mamba
 10617 | D:7      | a shapeshifter changed into a black mamba
 10623 | D:7      | Killed a black mamba
 11968 | D:8      | Found a bloodstained altar of Trog.
 12042 | D:8      | Reached skill level 1 in Air Magic
 12280 | D:8      | Found a radiant altar of Vehumet.
 12379 | D:9      | Reached ** piety under Ashenzari
 13681 | D:10     | Entered Level 10 of the Dungeon
 13681 | D:10     | Noticed a two-headed ogre
 13689 | D:10     | Killed a two-headed ogre
 13690 | D:10     | Reached skill level 5 in Armour
 13697 | D:10     | Learned a level 6 spell: Eringya's Noxious Bog
 13940 | D:10     | Found a sacrificial altar of Ru.
 14652 | D:10     | Found a shimmering blue altar of Sif Muna.
 14671 | D:10     | Identified the +3 ring mail of the Stallion {Fly rF+ Int-5
                  | Stlth+}
 14807 | D:10     | Found a staircase to the Orcish Mines.
 15122 | D:10     | Gained mutation: A meltable icy envelope protects you from
                  | harm. (AC +4) [demonic ancestry]
 15122 | D:10     | Reached XP level 11. HP: 29/95 MP: 22/22
 15404 | Orc:1    | Entered Level 1 of the Orcish Mines
 15415 | Orc:1    | Reached skill level 5 in Transmutations
 15524 | Orc:1    | Noticed an orc sorcerer
 16126 | D:11     | Reached *** piety under Ashenzari
 16185 | D:11     | Found a staircase to the Lair.
 16726 | D:11     | Noticed an orc knight
 16727 | D:11     | Noticed a two-headed ogre
 16737 | D:11     | Killed an orc knight
 16740 | D:11     | HP: 3/96 [orc warrior[an orc knight] (23)]
 16741 | D:11     | Slain by a two-headed ogre

Illustrated notes

Levels and vault maps discovered:
D:1:      dpeg_arrival_rhombus, layout_basic, chequers_ecumenical_altar_simple,
          minivault_5
D:2:      layout_basic, uniq_jessica
D:3:      layout_rooms, uniq_natasha
D:4:      layout_basic
D:5:      layout_gridville, serial_glass, glass_columns_c, glass_columns_b,
          minmay_fractal_squares_diagonal_5, uniq_grinder
D:6:      layout_basic, grunt_dithmenos_shadows, minmay_temple_entry_tees,
          portal_sewer_entry_b, enter_ossuary_5, chequers_serial_rivers_room_b,
          uniq_edmund
D:7:      minmay_octagon_keep, layout_basic
D:8:      layout_rooms, vehumet_statue, mainiacjoe_overflow_large_starburst,
          grunt_decor_one_mirror, hangedman_decor_slide_cut
D:9:      layout_loops_ring, hangedman_glass_teeth
D:10:     layout_loops_ring, nicolae_overflow_hidden_temple,
          mainiacjoe_overflow_concentric_impassable, erik_orc_2
D:11:     layout_irregular_city, lair_entry_dummy
Temple:   eino_temple_rhombus
Orc:1:    nicolae_orc_accident_2, layout_caves

Skill      XL: |  1  2  3  4  5  6  7  8  9 10 11 |
---------------+----------------------------------+-----
Polearms       | 3 4 5 |  5.4
Armour         | 1 2 3 5 6 |  6.9
Fighting       | 3 4 8 |  8.7
Spellcasting   | 2 4 5 |  5.4
Poison Magic   | 2 5 |  5.0
Fire Magic     | 2 5 |  5.5
Dodging        | 3 |  3.0
Conjurations   | 1 2 |  2.1
Transmutations | 1 4 5 |  5.0
Air Magic      | 3 |  3.1
Throwing       | |  1.7

Action                   |  1- 3 |  4- 6 |  7- 9 | 10-12 || total
-------------------------+-------+-------+-------+-------++-------
Melee: Trident           |    85 |   206 |   519 |   329 ||  1139
       Tailslap          |       |    18 |    87 |    54 ||   159
 Cast: Mephitic Cloud    |       |       |       |     8 ||     8
       Ignite Poison     |       |       |       |     4 ||     4
Invok: Curse Item        |       |       |     2 |     3 ||     5
Evoke: Wand              |       |       |     5 |     4 ||     9
  Use: Scroll            |       |     1 |     9 |     6 ||    16
       Potion            |       |       |     7 |    10 ||    17
 Stab: Sleeping          |     3 |       |     8 |     2 ||    13
       Distracted        |       |       |     2 |     2 ||     4
       Petrified         |       |       |       |     7 ||     7
       Confused          |       |       |       |     6 ||     6
       Paralysed         |       |       |       |     1 ||     1
Armor: Leather armour    |     9 |       |    24 |     5 ||    38
       Ring mail         |    14 |    83 |    89 |       ||   186
       Steam dragon scal |       |       |       |    68 ||    68
Dodge: Dodged            |    35 |   108 |   215 |   177 ||   535
Block: Other             |       |    14 |    73 |    30 ||   117

Table legend: (Time is in decaauts)
 A = Elapsed time spent in this place.
 B = Non-inter-level travel time spent in this place.
 C = Inter-level travel time spent in this place.
 D = Time resting spent in this place.
 E = Time spent auto-exploring this place.
 F = Levels seen in this place.
 G = Mean time per level.
                   A        B        C        D        E       F      G
               +--------+--------+--------+--------+--------+-----+--------+
         Total |  16841 |  16371 |    470 |   6916 |   6812 |  14 | 1202.9 |
       Dungeon |  15720 |  15256 |    464 |   6607 |   6346 |  11 | 1429.1 |
        Temple |    529 |    523 |      6 |    288 |    175 |   1 |  529.0 |
  Orcish Mines |     71 |     71 |      0 |     21 |      0 |   1 |   71.0 |
       Ossuary |    520 |    520 |      0 |      0 |    291 |   1 |  520.0 |
               +--------+--------+--------+--------+--------+-----+--------+

Top non-repeatable levels by time:
     D:7: 3379 daAuts
    D:10: 2355 daAuts
     D:5: 2039 daAuts
     D:9: 1395 daAuts
     D:4: 1166 daAuts
     D:8: 1165 daAuts
     D:1: 1137 daAuts
     D:6: 1032 daAuts
     D:2: 728 daAuts
     D:3: 666 daAuts
    D:11: 654 daAuts
  Temple: 529 daAuts
 Ossuary: 520 daAuts
   Orc:1: 71 daAuts
